 Dungeon Crawl Stone Soup version 0.20-a0-11-ga97c7b5 (webtiles) character file.

3560 Vasilisck the Cleaver (level 10, 0/91 HPs)
             Began as a Hill Orc Fighter on Nov 2, 2016.
             Was a Follower of Uskayaw.
             Succumbed to a killer bee's poison
             ... on level 8 of the Dungeon.
             The game lasted 00:17:25 (7211 turns).

Vasilisck the Cleaver (Hill Orc Fighter)            Turns: 7211, Time: 00:17:26

Health: 0/91       AC: 17    Str: 28    XL:     10   Next: 9%
Magic:  12/12      EV:  6    Int: 13    God:    Uskayaw [*.....]
Gold:   375        SH: 13    Dex: 10    Spells: 0 memorised, 9 levels left

rFire  . . .     SeeInvis .     a - +0 war axe
rCold  . . .     Gourm    .     v - +0 plate armour
rNeg   . . .     Faith    .     c - +1 shield
rPois  .         Spirit   .     r - +0 helmet
rElec  .         Reflect  .     (no cloak)
rCorr  .         Harm     .     A - +1 pair of gloves
MR     .....                    (no boots)
Stlth  ..........               (no amulet)
                                (no ring)
                                (no ring)

@: mighty, brilliant, lethally poisoned (0 -> -6), marked, starving
A: no striking features
a: Stomp, Renounce Religion


You were on level 8 of the Dungeon.
You worshipped Uskayaw.
Uskayaw was noncommittal.
You were starving.

You visited 2 branches of the dungeon, and saw 9 of its levels.

You collected 375 gold pieces.

Inventory:

Hand Weapons
 a - a +0 war axe (weapon)
 z - the +10 spear "Keoppuaz" {venom, rElec rF+ Str+3 Int-3}
   (You found it on level 5 of the Dungeon)

   It poisons the flesh of those it strikes.
   It affects your strength (+3).
   It affects your intelligence (-3).
   It protects you from fire.
   It insulates you from electricity.
Armour
 b - a +0 scale mail
 c - a +1 shield (worn)
 r - a +0 helmet (worn)
 v - a +0 plate armour (worn)
 A - a +1 pair of gloves (worn)
Jewellery
 u - a cursed ring of teleportation {unknown}
 J - an uncursed amulet of harm {unknown}
 L - a +4 ring of dexterity {unknown}
 M - an uncursed ring of protection from fire {unknown}
Wands
 y - a wand of digging (11/24)
 C - a wand of slowing (28/48)
 D - a wand of iceblast (12/15)
 H - a wand of flame (19/48)
Scrolls
 e - 2 scrolls of teleportation
 p - a scroll of silence {unknown}
 w - a scroll of enchant armour
 B - 2 scrolls of remove curse
 E - a scroll of enchant weapon {unknown}
 F - a scroll of acquirement {unknown}
 G - 8 scrolls of identify
 N - a scroll of holy word {unknown}
Potions
 h - a potion of brilliance
 i - a potion of cancellation {unknown}
 j - a potion of degeneration {unknown}
 l - a potion of magic
 m - a potion of resistance {unknown}
 n - a potion of berserk rage {unknown}
 o - 7 potions of flight
 s - 2 potions of invisibility
 t - a potion of heal wounds {unknown}
 x - 2 potions of agility {unknown}
 I - a potion of lignification {unknown}
Comestibles
 f - 3 bread rations
 g - 3 meat rations
 K - a slice of pizza


   Skills:
 - Level 9.0 Fighting
 - Level 9.4(9.5) Axes
 - Level 1.5(5.1) Polearms
 - Level 8.3 Armour
 - Level 8.3 Shields
 + Level 3.2 Invocations


You had 9 spell levels left.
You didn't know any spells.

Dungeon Overview and Level Annotations

Branches:
Dungeon (8/15)             Temple (1/1) D:7
   Lair: D:8-11

Altars:
Ashenzari
Cheibriados
Dithmenos
Elyvilon
Fedhas
Gozag
Hepliaklqana
Kikubaaqudgha
Makhleb
Nemelex Xobeh
Okawaru
Qazlal
Ru
Sif Muna
Trog
Uskayaw
Vehumet
Xom
Yredelemnul
Zin
The Shining One


Message History

You are no longer corroded.
* * * LOW HITPOINT WARNING * * *
You feel sick. You block the killer bee's attack.
A hound zombie comes into view.
* * * LOW HITPOINT WARNING * * *
You feel sick.
Cornered, the killer bee turns to fight! x2
The killer bee stings you but does no damage.
* * * LOW HITPOINT WARNING * * *
You feel sick.
Cornered, the killer bee turns to fight!
The killer bee stings you.
* * * LOW HITPOINT WARNING * * *
* * * LOW HITPOINT WARNING * * *
You feel sick.
It was a potion of brilliance.
You feel clever all of a sudden. You block the hound's attack. x2
It was a potion of magic.
Magic courses through your body.
You die...

#y# #.# ###.### #.....#
#.....# #.....###
################ #.....#..
>....#.........###yZo)h#.# .#
#.#.......[..@hyy##(#h# ##.#
<###)#.........####Z##))Z##...
...#)#.........####.###y5..#
.#................#.# #.##.#
.###.#.........##.#.#
#..5....#
.....#..÷.)....##.#Z#
####.####
..####...÷).........# .# .#
#.........##.### # ##
######........


You could see an orc warrior, 2 hounds, 3 killer bees, a hound zombie and an
adder skeleton.

Vanquished Creatures
  The ghost of Daviar the Destroyer, a novice DsFE of Vehumet (D:8)
  Psyche (D:8)
  A hippogriff (D:7)
  Edmund (D:6)
  An ice beast (D:5)
  A sky beast (D:6)
  A phantom (D:6)
  4 ogres
  3 centaurs
  3 bullfrogs
  A scorpion (D:5)
  The ghost of Vasilisck the Shield-Bearer, a weakling DDFi (D:4)
  A vampire bat (D:5)
  A howler monkey (D:7)
  A crimson imp (D:6)
  A jelly (D:8)
  4 orc priests
  2 bullfrog skeletons
  3 hounds
  A centaur skeleton (D:4)
  An iguana (D:7)
  Terence (D:2)
  4 orc wizards
  Natasha (thrice) (D:4)
  7 worker ants
  A hound zombie (D:5)
  3 gnolls (D:8)
  12 adders
  2 adder skeletons
  2 adder zombies
  2 worms
  4 dart slugs
  3 fire bats (D:5)
  7 leopard geckos
  27 orcs
  2 spectral bats (D:5)
  16 bats
  3 bat skeletons (D:5)
  A bat zombie (D:5)
  7 giant cockroaches
  12 goblins
  6 hobgoblins
  6 jackals
  8 kobolds
  3 ball pythons
  A bat simulacrum (D:5)
  4 frilled lizards
  8 rats
189 creatures vanquished.

Vanquished Creatures (collateral kills)
  A killer bee (D:8)
1 creature vanquished.

Vanquished Creatures (others)
  A gnoll (D:8)
1 creature vanquished.

Grand Total: 191 creatures vanquished

Notes
Turn   | Place    | Note
-------+----------+-------------------------------------------
     0 | D:1      | Vasilisck the Hill Orc Fighter began the quest for the Orb.
     0 | D:1      | Reached XP level 1. HP: 19/19 MP: 1/1
    77 | D:1      | Reached XP level 2. HP: 24/27 MP: 2/2
   221 | D:1      | Reached XP level 3. HP: 33/33 MP: 3/3
   786 | D:2      | Noticed Terence
   803 | D:2      | Killed Terence
   803 | D:2      | Reached XP level 4. HP: 27/40 MP: 4/4
  2121 | D:3      | Reached XP level 5. HP: 47/47 MP: 5/5
  2974 | D:4      | Noticed Natasha
  2983 | D:4      | Killed Natasha
  3171 | D:4      | Reached skill level 5 in Fighting
  3171 | D:4      | Reached XP level 6. HP: 42/56 MP: 6/6
  3329 | D:4      | Reached skill level 5 in Axes
  3497 | D:4      | Noticed Vasilisck's ghost (weakling DDFi)
  3505 | D:4      | Killed Vasilisck's ghost
  3788 | D:4      | Noticed Natasha
  3801 | D:4      | Killed Natasha
  3801 | D:4      | Reached skill level 5 in Armour
  3801 | D:4      | Reached skill level 5 in Shields
  3819 | D:4      | Noticed Natasha
  3834 | D:4      | Killed Natasha
  3834 | D:4      | Reached XP level 7. HP: 44/61 MP: 7/7
  3971 | D:5      | Entered Level 5 of the Dungeon
  4445 | D:5      | Got a crystal spear
  4446 | D:5      | Identified the +10 spear "Keoppuaz" {venom, rElec rF+ Str+3 Int-3} (You found it on level 5 of the Dungeon)
  4653 | D:5      | Reached skill level 1 in Polearms
  4899 | D:5      | Reached XP level 8. HP: 70/70 MP: 8/8
  5276 | D:6      | Noticed Edmund
  5296 | D:6      | Killed Edmund
  5711 | D:6      | Reached XP level 9. HP: 46/79 MP: 9/9
  6001 | D:7      | Found a staircase to the Ecumenical Temple.
  6014 | Temple   | Entered the Ecumenical Temple
  6097 | Temple   | Became a worshipper of Uskayaw the Reveler
  6148 | D:7      | Reached * piety under Uskayaw
  6246 | D:7      | Reached ** piety under Uskayaw
  6452 | D:7      | Reached *** piety under Uskayaw
  6848 | D:8      | Noticed Daviar's ghost (novice DsFE)
  6849 | D:8      | Noticed Psyche
  6867 | D:8      | Killed Psyche
  6879 | D:8      | Reached **** piety under Uskayaw
  6884 | D:8      | Killed Daviar's ghost
  6886 | D:8      | Reached XP level 10. HP: 31/90 MP: 10/10
  6906 | D:8      | Reached ***** piety under Uskayaw
  7180 | D:8      | Reached skill level 1 in Invocations
  7208 | D:8      | HP: 1/91 [killer bee (6)]
  7211 | D:8      | Succumbed to a killer bee's poison

Vault maps used:
D:1:      dpeg_arrival_another_circle
D:2:      first_bread, uniq_terence
D:4:      uniq_natasha
D:5:      goddamned_bats
D:6:      kennysheep_generic_room_8, uniq_edmund
D:8:      uniq_psyche
Temple:   nicolae_temple_the_god_donut

Skill      XL: |  1  2  3  4  5  6  7  8  9 10 |
---------------+-------------------------------+-----
Axes           | 3 4 5 6 7 9 |  9.4
Fighting       | 4 5 6 7 8 9 |  9.0
Shields        | 4 5 6 8 |  8.3
Armour         | 4 5 6 8 |  8.3
Polearms       | 1 |  1.5
Invocations    | 3 |  3.2

Action                   |  1- 3 |  4- 6 |  7- 9 | 10-12 || total
-------------------------+-------+-------+-------+-------++-------
Melee: War axe           |    69 |   255 |    42 |    11 ||   377
       Spear             |       |       |   232 |    23 ||   255
Invok: Stomp             |       |       |       |     2 ||     2
       Line Pass         |       |       |       |     2 ||     2
  Use: Scroll            |       |     4 |     6 |     1 ||    11
       Potion            |       |       |     2 |     4 ||     6
 Stab: Paralysed         |       |       |     3 |       ||     3
  Eat: Chunk             |       |    10 |     5 |     1 ||    16
       Pizza             |       |       |     1 |       ||     1
       Royal jelly       |       |       |     1 |       ||     1
Armor: Scale mail        |    40 |    76 |       |       ||   116
       Plate armour      |       |    59 |   151 |    29 ||   239
Dodge: Dodged            |    16 |    59 |    41 |    14 ||   130
Block: Shield            |    44 |   161 |   138 |    41 ||   384
